 Dungeon Crawl Stone Soup version 0.30-a0-920-g7493c07aab (webtiles) character file.

Game seed: 7463032865753126648

194 lunkers the Slasher (level 6, -2/76 HPs)
             Began as a Meteoran Fighter on Mar 22, 2023.
             Was a Follower of Qazlal.
             Slain by a scorpion (6 damage)
             ... on level 4 of the Dungeon.
             The game lasted 00:03:49 (932 turns).

lunkers the Slasher (Meteoran Fighter)               Turns: 932, Time: 00:03:49

Health: -2/76      AC: 23    Str: 22    XL:     6   Next: 24%
Magic:  16/16      EV:  2    Int:  8    God:    Qazlal [*.....]
Gold:   62         SH:  7    Dex: 15    Spells: 5/5 levels left

rFire   . . .      SeeInvis .    a - +0 long sword
rCold   . . .      Faith    .    c - +0 buckler
rNeg    . . .      Spirit   .    b - melded +0 scale mail
rPois   +          Reflect  .    p - melded +0 helmet
rElec   .          Rampage  .    (cloak currently unavailable)
rCorr   .          NoTele   +    (gloves currently unavailable)
Will    .....      Rage     3%   (boots currently unavailable)
Stlth   +                        (no amulet)
HPRegen 0.32/turn                e - ring of magical power
MPRegen 0.15/turn                (no ring)

@: lethally poisoned (-2 -> -3), tree-form, attractive, glowing
A: stationary, stasis, torment immunity, boosted hp, sense surroundings 1,
otherworldly, glowing, explore regen, (camouflage 1), berserk 1, strong 1
a: Renounce Religion


You were on level 4 of the Dungeon.
You worshipped Qazlal.
Qazlal was aware of your devotion.
You were a tree.
You visited 1 branch of the dungeon, and saw 4 of its levels.

You collected 62 gold pieces.

Inventory:

Hand Weapons
 a - a +0 long sword (weapon)
Armour
 b - a +0 scale mail (melded)
 c - a +0 buckler (worn)
 p - a +0 helmet (melded)
Jewellery
 e - a ring of magical power (left branch)
 i - a ring of willpower
Scrolls
 g - 2 scrolls of identify {unknown}
 j - a scroll of teleportation {unknown}
 k - a scroll of torment {unknown}
 n - a scroll of poison {unknown}
 o - a scroll of noise {unknown}
 q - a scroll of blinking {unknown}
 r - a scroll of fear {unknown}
Potions
 d - a potion of might
 f - a potion of attraction
 h - a potion of brilliance {unknown}
 l - a potion of mutation
 m - a potion of lignification


   Skills:
 - Level 3.2 Fighting
 + Level 7.0 Long Blades
 - Level 3.6 Armour
 - Level 3.6 Shields


You had 5 spell levels left.
You didn't know any spells.
Your spell library contained the following spells:

 Spells                   Type           Power      Damage    Failure   Level
 Ignite Poison            Fire/Tmut/Pois 0%         N/A       86%         3
 Sticky Flame             Conj/Fire      0%         2d3       99%         4
 Ignition                 Fire           0%         3d3       100%        8


Dungeon Overview and Level Annotations

Branches:
Dungeon (4/15) Zot: 1429
 Temple: D:4-7

Altars:
Qazlal


Innate Abilities, Weirdness & Mutations

You are a tree.
Your roots penetrate the ground, keeping you stationary.
You cannot be teleported.
You are immune to unholy pain and torment.
Your maximum health is greatly increased.
Your equipment is partially melded.
You passively map a small area around you.
You are easily found by Zot.
You glow in the dark.
You regain HP and MP as you explore.
((Your skin changes colour to match your surroundings (Stealth+).))
You sometimes lose your temper in combat.
Your muscles are strong. (Str +4, Int/Dex -1)


Message History

Qazlal accepts your kill.
Your Long Blades skill increases to level 7!
You hit the scorpion.
The scorpion is lightly wounded.
The scorpion stings you.
* * * LOW HITPOINT WARNING * * *
You slash the scorpion!
The scorpion is heavily wounded.
The scorpion stings you.
* * * LOW HITPOINT WARNING * * *
You are lethally poisoned!
The scorpion poisons you! You block the scorpion's attack.
It was a potion of attraction.
You feel attractive to monsters.
* * * LOW HITPOINT WARNING * * *
You feel very sick. The scorpion closely misses you.
It was a potion of mutation.
You feel extremely strange.
You feel stronger.
You feel a little pissed off.
Your skin functions as natural camouflage.
* * * LOW HITPOINT WARNING * * *
You feel sick.
The scorpion stings you but does no damage.
You hit the scorpion.
The scorpion is severely wounded.
* * * LOW HITPOINT WARNING * * *
You feel sick. You block the scorpion's attack.
It was a potion of lignification.
You turn into a tree.
Your +0 helmet melds into your body.
Your +0 scale mail melds into your body.
Your roots penetrate the ground.
You feel sick.
The scorpion stings you but does no damage. x2
You hit the scorpion.
The scorpion is severely wounded.
You feel sick.
The scorpion stings you but does no damage.
You barely miss the scorpion.
The scorpion is severely wounded.
You feel sick. The scorpion stings you.
You die...

#.#.#.####* ,,
, #.#.#.#.. ,,
^####.#.....,
, ..........#,
#
#.#......#..#
*
#....†......#
* * *
######.####.#*
#)####.#
#.s♣...#
##'###### ,
##...## * *
##.....## , ,,
, ##.......##
*
**#.........#*
, *
.'.....>...+ ,
##.........# *
, ##.......##
*


You could see a scorpion.

Vanquished Creatures
  A howler monkey (D:4)
  Terence (D:3)
  6 adders
  3 dart slugs
  2 orcs (D:4)
  6 bats
  10 endoplasms
  2 giant cockroaches
  5 goblins
  3 hobgoblins
  6 kobolds
  2 quokkas
  3 ball pythons
  5 rats
55 creatures vanquished.

Vanquished Creatures (others)
  An orc wizard (D:4)
1 creature vanquished.

Grand Total: 56 creatures vanquished

Notes
Turn   | Place    | Note
-------+----------+-------------------------------------------
     0 | D:1      | lunkers the Meteoran Fighter began the quest for the Orb.
     0 | D:1      | Reached XP level 1. HP: 19/19 MP: 2/2
    39 | D:1      | Reached skill level 3 in Long Blades
    39 | D:1      | Reached XP level 2. HP: 14/26 MP: 3/3
   155 | D:1      | Reached XP level 3. HP: 26/31 MP: 4/4
   199 | D:1      | Reached skill level 4 in Long Blades
   364 | D:2      | Reached XP level 4. HP: 38/38 MP: 5/5
   481 | D:2      | Reached skill level 5 in Long Blades
   537 | D:2      | Found a faded altar of an unknown god.
   550 | D:2      | Prayed at the altar of an unknown god.
   550 | D:2      | Became a worshipper of Qazlal Stormbringer
   550 | D:2      | Reached * piety under Qazlal
   610 | D:2      | Reached XP level 5. HP: 45/45 MP: 6/6
   776 | D:3      | Noticed Terence
   780 | D:3      | Killed Terence
   781 | D:3      | Reached skill level 6 in Long Blades
   899 | D:4      | Reached XP level 6. HP: 11/51 MP: 7/7
   925 | D:4      | Reached skill level 7 in Long Blades
   928 | D:4      | Gained mutation: Your muscles are strong. (Str +4, Int/Dex
                  | -1) [potion of mutation]
   928 | D:4      | Gained mutation: You sometimes lose your temper in combat.
                  | [potion of mutation]
   928 | D:4      | Gained mutation: Your skin changes colour to match your
                  | surroundings (Stealth+). [potion of mutation]
   932 | D:4      | Slain by a scorpion

Illustrated notes

Levels and vault maps discovered:
D:1:      dpeg_arrival_arbitrary_c, layout_rooms
D:2:      layout_loops_ring, chequers_ecumenical_altar_simple_redux
D:3:      layout_basic, mainiacjoe_overflow_24_doors, uniq_crazy_yiuf_cottage,
          uniq_terence
D:4:      layout_loops_corners, lemuel_tele_altar,
          nicolae_elyvilon_peaceful_grove

Skill      XL: |  1  2  3  4  5  6 |
---------------+-------------------+-----
Long Blades    | 3 4 5 6 7 |  7.0
Fighting       | |  3.2
Armour         | |  3.6
Shields        | |  3.6

Action                     |  1- 3 |  4- 6 || total
---------------------------+-------+-------++-------
  Melee: Long sword        |    85 |   106 ||   191
    Use: Potion            |       |     4 ||     4
 Armour: Scale mail        |    49 |    53 ||   102
         Skin              |       |     3 ||     3
  Dodge: Dodged            |    38 |    47 ||    85
  Block: Buckler           |    25 |    39 ||    64

Table legend: (Time is in decaauts)
 A = Elapsed time spent in this place.
 B = Non-inter-level travel time spent in this place.
 C = Inter-level travel time spent in this place.
 D = Time resting spent in this place.
 E = Time spent auto-exploring this place.
 F = Levels seen in this place.
 G = Mean time per level.
                   A        B        C        D        E       F      G
               +--------+--------+--------+--------+--------+-----+--------+
         Total |    969 |    928 |     41 |      0 |    497 |   4 |  242.2 |
       Dungeon |    969 |    928 |     41 |      0 |    497 |   4 |  242.2 |
               +--------+--------+--------+--------+--------+-----+--------+

Top non-repeatable levels by time:
     D:2: 489 daAuts
     D:1: 288 daAuts
     D:3: 116 daAuts
     D:4: 76 daAuts
